 Dungeon Crawl Stone Soup version 0.28.0-47-ge53b351184 (webtiles) character file.

Game seed: 1454959353564138825

193 RatsInWalls the Poker (level 5, -2/41 HPs)
             Began as a Mummy Gladiator on May 10, 2022.
             Slain by an orc
             ... wielding a +0 whip
              (5 damage)
             ... on level 4 of the Dungeon.
             The game lasted 00:09:07 (2915 turns).

RatsInWalls the Poker (Mummy Gladiator)             Turns: 2915, Time: 00:09:07

Health: -2/41      AC:  6    Str: 18    XL:     5   Next: 43%
Magic:  8/8        EV: 11    Int:  9    God:
Gold:   81         SH:  0    Dex: 13    Spells: 8/8 levels left

rFire   x . .      SeeInvis .   m - +0 trident (vamp)
rCold   + . .      Faith    .   (no shield)
rNeg    + + +      Spirit   .   h - +0 ring mail
rPois   ∞          Reflect  .   c - +0 helmet
rElec   .          Harm     .   (no cloak)
rCorr   .          Rampage  .   (no gloves)
Will    .....                   (no boots)
Stlth   +.........              (no amulet)
HPRegen 0.13/turn               (no ring)
MPRegen 0.11/turn               (no ring)

@: no status effects
A: cold resistance 1, negative energy resistance 3, torment resistance 2, heat
vulnerability 1, no potions
a: no special abilities


You were on level 4 of the Dungeon.
You visited 1 branch of the dungeon, and saw 4 of its levels.

You collected 81 gold pieces.

Inventory:

Hand Weapons
 m - a +0 vampiric trident (weapon)
Missiles
 d - a throwing net (quivered)
 e - 74 stones
Armour
 b - a +0 leather armour
 c - a +0 helmet (worn)
 h - a +0 ring mail (worn)
 l - a +0 scale mail
Magical Staves
 f - a staff of earth
Scrolls
 a - a scroll of enchant weapon {unknown}
 g - a scroll of magic mapping {unknown}
 i - a scroll of torment {unknown}
 j - a scroll of teleportation {unknown}
 o - a scroll of fog {unknown}
 p - a scroll of enchant armour {unknown}


   Skills:
 + Level 3.1 Fighting
 + Level 3.1 Polearms
 - Level 1.5 Throwing
 + Level 1.8 Armour
 + Level 3.1 Dodging
 + Level 2.3 Spellcasting


You had 8 spell levels left.
You didn't know any spells.
Your spell library contained the following spells:

 Spells                   Type           Power      Damage    Failure   Level
 Pain                     Necr           4%         1d4       50%         1
 Agony                    Necr           1%         N/A       100%        5
 Excruciating Wounds      Necr           0%         N/A       100%        5
 Summon Hydra             Summ           0%         N/A       100%        7
 Sublimation of Blood     Necr           Unusable   N/A       N/A         2
 Wereblood                Tmut           Unusable   N/A       N/A         2

Dungeon Overview and Level Annotations

Branches:
Dungeon (4/15)
 Temple: D:4-7

Altars:

Annotations:
D:3 Grinder, Sigmund


Innate Abilities, Weirdness & Mutations

You are immune to poison.
Your flesh is cold resistant. (rC+)
You are immune to negative energy. (rN+++)
You are immune to unholy pain and torment.
You are vulnerable to heat. (rF-)
You do not drink.


Message History

The orc closely misses you.
You hit the orc priest but do no damage.
The orc priest is almost dead.
The orc priest misses you. The orc closely misses you.
You barely miss the orc priest.
The orc priest is almost dead.
The orc priest hits you with a +0 club. The orc hits you but does no damage.
You barely miss the orc priest.
The orc priest is almost dead.
The orc priest hits you with a +0 club. The orc hits you with a +0 whip.
You hit the orc priest but do no damage.
The orc priest is almost dead.
The orc priest hits you but does no damage.
The orc hits you with a +0 whip. The orc priest hits you with a +0 club.
* * * LOW HITPOINT WARNING * * *
You closely miss the orc priest.
You punch the orc priest, but do no damage.
The orc priest is almost dead.
The orc hits you with a +0 whip.
* * * LOW HITPOINT WARNING * * *
The orc priest barely misses you.
Unknown command.
You hit the orc priest.
You kill the orc priest!
The orc hits you with a +0 whip.
* * * LOW HITPOINT WARNING * * *
Unknown command.
You hit the orc.
You feel better.
The orc is almost dead.
The orc hits you but does no damage. x2
You hit the orc but do no damage.
The orc is almost dead.
The orc hits you with a +0 whip.
* * * LOW HITPOINT WARNING * * *
The orc hits you with a +0 hand axe.
* * * LOW HITPOINT WARNING * * *
Unknown command.
Found a plate armour.
The orc hits you with a +0 whip.
You die...

... ... .. ... .
.. #.. .. #.##..
... #.... ....##
[.. #
##....####)#.# .#
#.......##J#.#..##
..[....@#.........
.....##.oo<.......
... #...#..####..
. .....##..#
......####.#
...... .# ......
.. ...... ^..
...## ...


You could see 2 orcs.

Vanquished Creatures
  An orc priest (D:4)
  Terence (D:2)
  Natasha (twice) (D:2)
  2 adders
  A worm (D:2)
  2 dart slugs
  2 orcs
  10 endoplasms
  A giant cockroach (D:3)
  8 goblins
  9 jackals
  5 kobolds
  2 quokkas (D:1)
  2 ball pythons
  6 bats
  A frilled lizard (D:1)
  4 rats
59 creatures vanquished.

Notes
Turn   | Place    | Note
-------+----------+-------------------------------------------
     0 | D:1      | RatsInWalls the Mummy Gladiator began the quest for the
                  | Orb.
     0 | D:1      | Reached XP level 1. HP: 16/16 MP: 1/1
    99 | D:1      | Reached XP level 2. HP: 19/22 MP: 2/2
   363 | D:1      | Found a faded altar of an unknown god.
   556 | D:1      | Reached XP level 3. HP: 28/28 MP: 3/3
   698 | D:2      | Reached skill level 1 in Armour
   985 | D:2      | Noticed Natasha
  1036 | D:2      | Killed Natasha
  1037 | D:2      | Reached skill level 1 in Spellcasting
  1037 | D:2      | Reached XP level 4. HP: 21/34 MP: 5/5
  1219 | D:2      | Noticed Natasha
  1243 | D:2      | Killed Natasha
  1403 | D:2      | Noticed Terence
  1414 | D:2      | Killed Terence
  1905 | D:2      | Reached XP level 5. HP: 24/40 MP: 7/7
  2264 | D:3      | Noticed a black bear
  2701 | D:3      | Noticed Sigmund
  2820 | D:3      | Noticed Grinder
  2910 | D:4      | HP: 2/41 [orc/+0 whip (4)]
  2915 | D:4      | Slain by an orc

Illustrated notes

Levels and vault maps discovered:
D:1:      zaba_arrival_water, layout_basic, ebering_ecumenical_altar_mist,
          st_stairs_5, grunt_decor_mini_mirrors, minmay_misc_feat_chi,
          minmay_misc_feat_doors, roderic_three_in_a_row
D:2:      layout_basic, nicolae_concentric_dashed_squares_mild, uniq_natasha,
          uniq_terence
D:3:      layout_basic, feat_on_display, uniq_grinder, uniq_crazy_yiuf_cottage,
          uniq_sigmund
D:4:      layout_cave_pools, hangedman_ru_absence

Skill      XL: |  1  2  3  4  5 |
---------------+----------------+-----
Armour         | 1 |  1.8
Spellcasting   | 1 2 |  2.3
Polearms       | 3 |  3.1
Dodging        | 3 |  3.1
Fighting       | 3 |  3.1
Throwing       | |  1.5

Action                   |  1- 3 |  4- 6 || total
-------------------------+-------+-------++-------
Melee: Trident           |    78 |   108 ||   186
       Punch             |       |     5 ||     5
Throw: Throwing net      |     1 |     2 ||     3
       Stone             |     2 |     4 ||     6
  Use: Scroll            |       |     2 ||     2
 Stab: Sleeping          |     2 |       ||     2
       Held in net/web   |       |     1 ||     1
Armor: Leather armour    |    35 |    36 ||    71
       Ring mail         |       |     5 ||     5
Dodge: Dodged            |    62 |    69 ||   131
